 Dungeon Crawl Stone Soup version 0.25-a0-651-g8c222c7a2b (webtiles) character file.

Game seed: 17094151513321794045, levelgen mode: deterministic

455 Conn the Magician (level 7, -2/45 HPs)
             Began as an Octopode Wizard on Mar 22, 2020.
             Slain by an ice beast (11 damage)
             ... on level 5 of the Dungeon.
             The game lasted 00:14:00 (5083 turns).

Conn the Magician (Octopode Wizard)                 Turns: 5083, Time: 00:14:01

Health: -2/45      AC:  1    Str:  7 (8)  XL:     7   Next: 5%
Magic:  5/22       EV: 14    Int: 19 (21) God:
Gold:   198        SH:  0    Dex: 10      Spells: 4/15 levels left

rFire    . . .     SeeInvis +   i - +0 short sword
rCold    . . .     Gourm    .   (no shield)
rNeg     . . .     Faith    .   a - +0 hat
rPois    .         Spirit   .   (no amulet)
rElec    .         Reflect  .   m - +1 ring of evasion
rCorr    .         Harm     .   p - ring of magical power
MR       .....                  q - ring of wizardry
Stlth    +++.......             f - ring of see invisible
HPRegen  0.15/turn              (no ring)
MPRegen  0.18/turn              (no ring)
                                (no ring)
                                (no ring)

@: no status effects
A: almost no armour, stealthy swim, amphibious, 8 rings, constrict 8, camouflage
1, gelatinous body 1
a: no special abilities


You were on level 5 of the Dungeon.
You were hungry.

You visited 1 branch of the dungeon, and saw 5 of its levels.

You collected 198 gold pieces.

Inventory:

Hand Weapons
 i - a +0 short sword (weapon)
Missiles
 d - 81 arrows
 h - 34 poisoned darts
 u - 2 silver boomerangs (quivered)
 x - 7 curare-tipped darts
Armour
 a - a +0 hat (worn)
 o - a +0 kite shield
Jewellery
 f - a ring of see invisible (on tentacle)
 m - a +1 ring of evasion (left tentacle)
 p - a ring of magical power (right tentacle)
 q - a ring of wizardry (on tentacle)
Scrolls
 e - 4 scrolls of remove curse
 g - 5 scrolls of identify
 n - a scroll of blinking
 t - a scroll of fog
Potions
 b - 2 potions of stabbing {unknown}
 r - a potion of ambrosia
 s - a potion of might
Comestibles
 c - 10 rations
 j - a chunk of flesh


   Skills:
 * Level 2.4 Fighting
 + Level 2.5 Short Blades
 + Level 2.8 Dodging
 + Level 3.6 Stealth
 + Level 4.5 Spellcasting
 * Level 2.4 Conjurations
 + Level 1.8 Summonings
 + Level 1.9 Translocations
 + Level 0.2 Poison Magic


You had 4 spell levels left.
You knew the following spells:

 Your Spells              Type           Power        Failure   Level  Hunger
a - Magic Dart            Conj           ##..         1%          1    None
b - Blink                 Tloc           N/A          3%          2    #......
c - Call Imp              Summ           ##......     4%          2    #......
d - Conjure Flame         Conj/Fire      #.......     10%         3    ###....
e - Mephitic Cloud        Conj/Pois/Air  #.......     11%         3    ###....

Your spell library contained the following spells:

 Spells                   Type           Power        Failure   Level  Hunger
 Slow                     Hex            #.......     9%          2    #......


Dungeon Overview and Level Annotations

Branches:
Dungeon (5/15)
 Temple: D:4-7

Altars:
Okawaru

Shops:
D:4 :


Innate Abilities, Weirdness & Mutations

You cannot wear most types of armour.
You are very stealthy in the water. (Stealth+)
You are amphibious.
You can wear up to eight rings at the same time.
You can use your tentacles to constrict eight enemies at once.
Your skin changes colour to match your surroundings (Stealth+).
Your rubbery body absorbs attacks. (AC +1, EV +1)


Message History

Press: ? - help, Shift-Dir - straight line, f/p - ice beast
Aim: an ice beast (almost dead, hasn't noticed you)
The magic dart hits the ice beast.
The ice beast is almost dead.
Casting: Magic Dart (safe; 1% risk of failure)
Confirm with . or Enter, or press ? or * to list all spells.
Aiming: Magic Dart (safe; 1% risk of failure)
Press: ? - help, Shift-Dir - straight line, f/p - ice beast
Aim: an ice beast (almost dead)
The magic dart hits the ice beast.
The ice beast is almost dead.
The ice beast hits you. The ice beast freezes you!
* * * LOW HITPOINT WARNING * * *
Your crimson imp blinks!
Casting: Magic Dart (safe; 1% risk of failure)
Confirm with . or Enter, or press ? or * to list all spells.
You blink.
The ice beast hits you.
* * * LOW HITPOINT WARNING * * *
The ice beast freezes you!
You die...

#.# #.#.#
#.#.###.. #.#
###.#.####.#.#
### #.#
#..........#.#
#.#
#.#.#.#.####.#
#.#
#...#........#
#.#
#5#.###.######
#.#######.#÷)#.##
#......##.#.#.##
#..###...@..###
#..# #.##.Y##
##.# #.###§# #..
..# #.# ###.#.#
#.# #(#.# #.# #
#.# #.# ... #.#
..#


You could see an ice beast and a friendly crimson imp.

Vanquished Creatures
  A water moccasin (D:4)
  A centaur (D:5)
  A hound (D:5)
  An orc wizard (D:5)
  4 adders
  A shadow imp (D:5)
  An adder skeleton (D:4)
  3 worms
  3 dart slugs
  3 leopard geckos
  4 orcs
  4 bats
  2 giant cockroaches (D:3)
  4 goblins
  7 hobgoblins
  2 jackals (D:2)
  A quokka (D:3)
  2 ball pythons
  4 frilled lizards
  6 kobolds
  7 rats
62 creatures vanquished.

Vanquished Creatures (collateral kills)
  An orc priest (D:4)
  3 orc wizards (D:4)
  Jessica (D:2)
  A worker ant (D:4)
  4 orcs (D:4)
  A giant cockroach (D:4)
  A goblin (D:2)
  A hobgoblin (D:2)
13 creatures vanquished.

Grand Total: 75 creatures vanquished

Notes
Turn   | Place    | Note
-------+----------+-------------------------------------------
     0 | D:1      | Conn the Octopode Wizard began the quest for the Orb.
     0 | D:1      | Reached XP level 1. HP: 11/11 MP: 4/4
   324 | D:1      | Reached XP level 2. HP: 17/17 MP: 0/6
   874 | D:2      | Reached XP level 3. HP: 16/22 MP: 8/8
  1052 | D:2      | Learned a level 2 spell: Blink
  1055 | D:2      | Learned a level 2 spell: Call Imp
  1059 | D:2      | Learned a level 3 spell: Conjure Flame
  1370 | D:2      | Noticed Jessica
  1380 | D:2      | Killed Jessica
  1380 | D:2      | Reached skill level 1 in Fighting
  1592 | D:2      | Found an iron altar of Okawaru.
  1598 | D:2      | Reached XP level 4. HP: 27/28 MP: 9/9
  3133 | D:4      | Reached skill level 4 in Spellcasting
  3198 | D:4      | Reached XP level 5. HP: 16/33 MP: 11/11
  3200 | D:4      | Reached skill level 1 in Short Blades
  3753 | D:4      | Found Joiluik's Book Shop.
  4098 | D:5      | Entered Level 5 of the Dungeon
  4098 | D:5      | Noticed a water moccasin
  4118 | D:4      | Killed a water moccasin
  4118 | D:4      | Reached XP level 6. HP: 19/39 MP: 3/12
  4312 | D:4      | Learned a level 3 spell: Mephitic Cloud
  4559 | D:5      | Noticed an ice beast
  4996 | D:5      | Reached XP level 7. HP: 29/45 MP: 11/13
  5083 | D:5      | Slain by an ice beast

Levels and vault maps discovered:
D:1:      shiori_arrival_maze, layout_rooms, minmay_misc_feat_five,
          hangedman_decor_riveting, minmay_splitting_lines
D:2:      layout_loops_ring, okawaru_altar_gauntlet_db, minmay_cupped,
          uniq_jessica
D:3:      layout_basic, serial_forest, infiniplex_forest_clump_medium,
          infiniplex_forest_clump_double, infiniplex_forest_clump_curved,
          infiniplex_forest_lined_1, infiniplex_forest_end_3,
          infiniplex_forest_clump_medium, infiniplex_forest_clump_double,
          infiniplex_forest_clump_medium, kennysheep_cross_bottleneck
D:4:      layout_rooms, serial_shops, nicolae_shop_behind_doors
D:5:      layout_loops_ring, first_ration

Skill      XL: |  1  2  3  4  5 |
---------------+----------------+-----
Fighting       | 1 2 |  2.4
Stealth        | 3 |  3.6
Spellcasting   | 4 |  4.5
Short Blades   | 2 |  2.5
Conjurations   | 2 |  2.4
Dodging        | |  2.8
Summonings     | |  1.8
Translocations | |  1.9
Poison Magic   | |  0.2

Action                   |  1- 3 |  4- 6 |  7- 9 || total
-------------------------+-------+-------+-------++-------
Melee: Unarmed           |    13 |       |       ||    13
       Constrict         |    10 |    19 |     1 ||    30
       Tentacles         |     2 |    10 |       ||    12
       Short sword       |    21 |   107 |     3 ||   131
 Cast: Magic Dart        |    47 |    42 |    12 ||   101
       Call Imp          |     2 |    15 |     2 ||    19
       Conjure Flame     |     1 |       |     1 ||     2
       Blink             |       |     7 |     1 ||     8
       Mephitic Cloud    |       |     4 |       ||     4
  Use: Potion            |       |     5 |       ||     5
       Scroll            |       |     8 |       ||     8
 Stab: Sleeping          |     2 |    11 |       ||    13
       Confused          |       |     2 |       ||     2
  Eat: Chunk             |     2 |    10 |     1 ||    13
Armor: Skin              |     3 |     8 |       ||    11
Dodge: Dodged            |    41 |    81 |     4 ||   126

Table legend:
 A = Non-vault XP
 B = Vault XP
 C = Vault XP percentage of total XP
 D = Non-vault monster count
 E = Vault monster count
 F = Vault count percentage of total count
                 A         B        C        D         E       F
            +---------+---------+-------+---------+---------+-------
      Total |     599 |      52 |   8.0 |      63 |      12 |  16.0
            +---------+---------+-------+---------+---------+-------
        D:1 |      28 |       4 |  12.5 |      14 |       2 |  12.5
        D:2 |      19 |      48 |  71.6 |       9 |      10 |  52.6
        D:3 |      48 |       0 |   0.0 |      17 |       0 |   0.0
        D:4 |     280 |       0 |   0.0 |      16 |       0 |   0.0
        D:5 |     224 |       0 |   0.0 |       7 |       0 |   0.0
            +---------+---------+-------+---------+---------+-------
